Selects Advanced Infantry Battlegroup
Selects Convert to Ranger Squad
Construct Medical Station
Selects Frontline Medical Station
Frontline Medical Station
Selects Artillery Observers
Selects Ranger Weapon Training
Selects Artillery Observers
Frontline Medical Station
Selects M2A1 105mm Howitzer Emplacement
Selects 155mm Rapid Artillery Barrage
155mm Rapid Artillery Barrage
M1918 Browning Automatic Rifles
155mm Rapid Artillery Barrage
155mm Rapid Artillery Barrage
M4(105) Sherman Bulldozer
155mm Rapid Artillery Barrage